AoeStats
← Kiritastrich

Migration

506713116Analyzed
1v1 RM · 17d ago on Sep 14, 2026· 22m 22s· 2 players
Game mode
Random Map
Map size
132×132
Population
200
Speed
Normal
Resources
Standard
Victory
Conquest
Starting age
Dark Age
Ending age
Imperial Age
RankedLock teamsTeams togetherTeam positionsShared explorationLock speedFull tech treeHidden civsTurbo modeCheats
Victory
Defeat
🇭🇺 Magyars · Hungary
1746
+21
🇷🇺 Khmer · Russia
1861
-21
Kiritastrich
13:07 Feudal Age
16:46 Castle Age
14:36 Double-Bit Axe
14:36 Fishing Lines
17:09 Forging
16:53 Gold Mining
17:41 Medium Warships
18:24 Iron Casting
20:19 Gillnets
20:56 Siphons
21:17 Careening
22:08 Clinker Construction
[H] Blabla
12:58 Feudal Age
13:47 Double-Bit Axe
16:38 Castle Age
15:03 Fletching
15:43 Gold Mining
16:25 Loom
17:41 Bow Saw
17:51 Medium Warships
19:15 Horse Collar
20:25 Gold Shaft Mining
19:53 Pikeman
21:44 Scale Mail Armor
21:15 Demolition Ship
Connection lost

Rejoining the realm…

Still unreachable

The connection could not be restored.

Session expired

The server has moved on; the page needs a fresh start.